 Dungeon Crawl Stone Soup version 0.30-a0-777-ga9a30cbeda (webtiles) character file.

Game seed: 15467063146144879282

627 cheesebisquit the Conjurer (level 7, 50/50 HPs)
             Began as a Pale Draconian Conjurer on Feb 13, 2023.
             Quit the game on level 4 of the Dungeon.
             The game lasted 00:18:39 (3486 turns).

cheesebisquit the Conjurer (DrCj)                   Turns: 3486, Time: 00:18:40

Health: 50/50      AC:  6    Str:  9    XL:     7   Next: 23%
Magic:  22/22      EV: 12    Int: 20    God:
Gold:   30         SH:  5    Dex: 10    Spells: 4/15 levels left

rFire   . . .      SeeInvis .    (no weapon)
rCold   . . .      Faith    .    (no shield)
rNeg    . . .      Spirit   .    (body armour unavailable)
rPois   .          Reflect  +    (helmet restricted)
rElec   .          Harm     .    (no cloak)
rCorr   .          Rampage  .    (no gloves)
Will    .....                    (no boots)
Stlth   ++                       e - amulet of reflection
HPRegen 0.28/turn                j - ring of magical power
MPRegen 0.18/turn                u - ring of wizardry

@: no status effects
A: breathe steam, AC +6, unfitting armour, cold-blooded, steam resistance
a: Breathe Steam


You were on level 4 of the Dungeon.
You visited 1 branch of the dungeon, and saw 4 of its levels.

You collected 178 gold pieces.
You spent 148 gold pieces at shops.

Inventory:

Hand Weapons
 c - a +0 dagger
Missiles
 b - 5 boomerangs
 h - a throwing net
 t - 2 poisoned darts
Jewellery
 e - an amulet of reflection (around neck)
 j - a ring of magical power (left hand)
 m - an amulet of the acrobat
 o - a ring of resist corrosion
 u - a ring of wizardry (right hand)
 x - a ring of poison resistance
Wands
 q - a wand of polymorph (5)
 w - a wand of acid (13)
Scrolls
 d - 4 scrolls of teleportation
 f - a scroll of butterflies {unknown}
 i - 2 scrolls of amnesia {unknown}
 k - a scroll of identify
 l - a scroll of noise {unknown}
 r - a scroll of enchant armour
 s - a scroll of poison {unknown}
 y - a scroll of immolation {unknown}
Potions
 a - 2 potions of magic
 g - 2 potions of curing
 n - a potion of lignification
 p - 2 potions of flight
 v - a potion of heal wounds {unknown}
 z - a potion of invisibility {unknown}


   Skills:
 - Level 1.7 Dodging
 - Level 1.7 Stealth
 + Level 4.5 Spellcasting
 * Level 7.6 Conjurations


You had 4 spell levels left.
You knew the following spells:

 Your Spells              Type           Power      Damage    Failure   Level
a - Magic Dart            Conj           100%       1d8       1%          1
b - Olgreb's Toxic Radia  Pois           4%         N/A       43%         4
x - Fulminant Prism       Conj/Hex       9%         3d7       11%         4
z - Searing Ray           Conj           70%        2d7       1%          2

Your spell library contained the following spells:

 Spells                   Type           Power      Damage    Failure   Level
 Dazzling Flash           Conj/Hex       38%        N/A       3%          3
 Sting                    Tmut/Pois      16%        1d3       4%          1
 Poisonous Vapours        Pois/Air       8%         N/A       8%          2
 Iskenderun's Mystic Bla  Conj/Tloc      19%        2d6       11%         4


Dungeon Overview and Level Annotations

Branches:
Dungeon (4/15)
 Temple: D:4-7

Altars:
Vehumet

Shops:
D:2 (   D:3 [[?   D:4 :*=


Innate Abilities, Weirdness & Mutations

You can breathe blasts of scalding, opaque steam.
Your pale cyan-grey scales are hard. (AC +6)
You cannot fit into any form of body armour.
You are cold-blooded and may be slowed by cold attacks.
You are immune to the effects of steam.


Message History

Memorise Olgreb's Toxic Radiance, consuming 4 spell levels and leaving 3?
You start memorising the spell.
You continue memorising.
The black bear growls angrily.
You continue memorising. x3
You finish memorising.
Spell assigned to 'b'.
The magic dart hits the black bear.
The black bear is lightly wounded.
You have got your breath back.
The magic dart hits the black bear.
The black bear is moderately wounded.
The black bear bites you but does no damage.
The black bear barely misses you.
The black bear claws you but does no damage.
The magic dart hits the black bear.
The black bear is heavily wounded.
The black bear closely misses you. You block the black bear's attack.
The black bear claws you but does no damage.
The magic dart hits the black bear.
The black bear is heavily wounded.
The black bear bites you.
The black bear claws you but does no damage.
You block the black bear's attack.
The magic dart hits the black bear.
The black bear is severely wounded.
The black bear bites you but does no damage.
The black bear closely misses you. You block the black bear's attack.
The magic dart hits the black bear.
The black bear is almost dead.
The black bear goes berserk!
The magic dart hits the black bear.
You kill the black bear!
You now have 30 gold pieces (gained 9).
z - a grey potion
There is an entrance to Boliydd's Book Emporium here.
You can access your shopping list by pressing '$'.
Found Logeibur's Assorted Antiques.
y - a scroll labelled PISUPOHAGU
Found an escape hatch in the ceiling.
There is an entrance to Logeibur's Assorted Antiques here.
Are you sure you want to abandon this character and quit the game? (Confirm with "yes".)

.<^.....# ##....?..
###.......###
...........
#...:...#####
#.......#...###
#.....##.....#
###.P@P.##..<#.#
#...P.P.##..##.##
#.......##......####
..
#......###.###.....###
#.# #......#
#....#.......
#..##......#
####.###....#
#.........#
####.###....#
###.......#
#....[......#
#.....####
#.......#.###


There were no monsters in sight!

Vanquished Creatures
  Grinder (D:3)
  A black bear (D:4)
  An ogre (D:4)
  A hound (D:4)
  An orc priest (D:3)
  Terence (D:2)
  2 adders
  7 gnolls
  2 dart slugs (D:1)
  8 orcs (D:3)
  9 endoplasms
  6 giant cockroaches
  A goblin (D:1)
  4 hobgoblins
  6 kobolds
  3 quokkas
  5 ball pythons
  4 bats
  A frilled lizard (D:3)
  2 rats (D:1)
66 creatures vanquished.

Vanquished Creatures (others)
  2 fulminant prisms (D:4)
2 creatures vanquished.

Grand Total: 68 creatures vanquished

Notes
Turn   | Place    | Note
-------+----------+-------------------------------------------
     0 | D:1      | cheesebisquit the Draconian Conjurer began the quest for
                  | the Orb.
     0 | D:1      | Reached XP level 1. HP: 14/14 MP: 3/3
   315 | D:1      | Reached XP level 2. HP: 20/20 MP: 0/5
   410 | D:1      | Learned a level 2 spell: Searing Ray
  1332 | D:2      | Noticed Terence
  1343 | D:2      | Found Yghuh's Weapon Shoppe.
  1352 | D:2      | Reached XP level 3. HP: 12/26 MP: 2/6
  1518 | D:2      | Reached skill level 5 in Conjurations
  1617 | D:2      | Reached XP level 4. HP: 33/33 MP: 8/8
  1870 | D:2      | Killed Terence
  2237 | D:3      | Found a radiant altar of Vehumet.
  2251 | D:3      | Reached XP level 5. HP: 36/38 MP: 9/9
  2258 | D:3      | Learned a level 4 spell: Fulminant Prism
  2346 | D:3      | Found Goent's Magic Scroll Shoppe.
  2350 | D:3      | Noticed Grinder
  2359 | D:3      | Paralysed by Grinder for 5 turns
  2376 | D:3      | Killed Grinder
  2377 | D:3      | Reached skill level 6 in Conjurations
  2377 | D:3      | Reached XP level 6. HP: 36/45 MP: 11/11
  2414 | D:3      | Bought a scroll of identify for 22 gold pieces
  2414 | D:3      | Bought a scroll of identify for 22 gold pieces
  2414 | D:3      | Bought a scroll of identify for 22 gold pieces
  2414 | D:3      | Bought a scroll of enchant armour for 82 gold pieces
  2714 | D:3      | Found Zeemon's Armour Boutique.
  2944 | D:3      | Found Kuysu's Antique Armour Boutique.
  3200 | D:4      | Found Oqe Hoss's Jewellery Emporium.
  3208 | D:4      | Reached skill level 7 in Conjurations
  3358 | D:4      | Found Boliydd's Book Emporium.
  3369 | D:4      | Your scales start taking on a pale cyan-grey colour.
  3369 | D:4      | Reached XP level 7. HP: 47/50 MP: 13/13
  3369 | D:4      | Gained mutation: You are immune to the effects of steam.
                  | [Pale Draconian growth]
  3383 | D:4      | Learned a level 4 spell: Olgreb's Toxic Radiance
  3476 | D:4      | Found Logeibur's Assorted Antiques.
  3486 | D:4      | Quit the game

Illustrated notes

Levels and vault maps discovered:
D:1:      lemuel_arrival_muddy, layout_basic, serial_glass, glass_columns_b,
          glass_columns_a, glass_columns_b, grunt_decor_clamped,
          solitary_fountain
D:2:      layout_basic, serial_shops, nicolae_shop_bloodbath_and_beyond,
          uniq_terence
D:3:      layout_basic, mainiacjoe_overflow_24_doors, serial_shops, shop_statue,
          nicolae_shop_window_shopping, nicolae_shop_stone, uniq_grinder
D:4:      layout_basic, minmay_temple_entry_statues_pillars, serial_shops,
          shop_fountains, nicolae_shop_overgrown_old_shop, nicolae_shop_crystal,
          nicolae_square_shop

Skill      XL: |  1  2  3  4  5  6 |
---------------+-------------------+-----
Conjurations   | 5 6 7 |  7.6
Spellcasting   | 3 4 |  4.5
Dodging        | |  1.7
Stealth        | |  1.7

Action                     |  1- 3 |  4- 6 |  7- 9 || total
---------------------------+-------+-------+-------++-------
  Melee: Unarmed           |       |    11 |       ||    11
  Throw: Boomerang         |    13 |       |       ||    13
   Cast: Magic Dart        |    46 |    53 |     8 ||   107
         Searing Ray       |     5 |    11 |       ||    16
         Fulminant Prism   |       |     2 |       ||     2
Ability: Breathe Steam     |       |       |     1 ||     1
    Use: Scroll            |     1 |     4 |       ||     5
 Armour: Skin              |    14 |    12 |     5 ||    31
  Dodge: Dodged            |    24 |    10 |     3 ||    37
  Block: Other             |     9 |     9 |     3 ||    21

Table legend: (Time is in decaauts)
 A = Elapsed time spent in this place.
 B = Non-inter-level travel time spent in this place.
 C = Inter-level travel time spent in this place.
 D = Time resting spent in this place.
 E = Time spent auto-exploring this place.
 F = Levels seen in this place.
 G = Mean time per level.
                   A        B        C        D        E       F      G
               +--------+--------+--------+--------+--------+-----+--------+
         Total |   3488 |   3388 |    100 |      0 |   2989 |   4 |  872.0 |
       Dungeon |   3488 |   3388 |    100 |      0 |   2989 |   4 |  872.0 |
               +--------+--------+--------+--------+--------+-----+--------+

Top non-repeatable levels by time:
     D:1: 1250 daAuts
     D:2: 959 daAuts
     D:3: 930 daAuts
     D:4: 347 daAuts
